 Dungeon Crawl Stone Soup version 0.28.0-45-g0d030f2227 (webtiles) character file.

Game seed: 15823261174180902039

43 Bruhh the Cudgeller (level 3, -4/23 HPs)
             Began as a Gargoyle Fighter on Apr 23, 2022.
             Slain by an orc warrior
             ... wielding a +0 short sword
              (9 damage)
             ... on level 4 of the Dungeon.
             The game lasted 00:03:13 (2116 turns).

Bruhh the Cudgeller (Gargoyle Fighter)              Turns: 2116, Time: 00:03:13

Health: -4/23      AC: 10    Str: 21    XL:     3   Next: 58%
Magic:  3/3        EV:  9    Int:  8    God:
Gold:   60         SH:  4    Dex:  9    Spells: 2/2 levels left

rFire   . . .      SeeInvis .   a - +0 flail
rCold   . . .      Faith    .   c - +0 buckler
rNeg    + . .      Spirit   .   b - +0 scale mail
rPois   ∞          Reflect  .   (no helmet)
rElec   +          Harm     .   (no cloak)
rCorr   .          Rampage  .   (no gloves)
Will    .....                   (no boots)
Stlth   ..........              (no amulet)
HPRegen 0.07/turn               (no ring)
MPRegen 0.08/turn               (no ring)

@: no status effects
A: sickness immunity, AC +3, negative energy resistance 1, electricity
resistance, torment resistance 1, petrification resistance
a: no special abilities


You were on level 4 of the Dungeon.
You visited 1 branch of the dungeon, and saw 4 of its levels.

You collected 60 gold pieces.

Inventory:

Hand Weapons
 a - a +0 flail (weapon)
Armour
 b - a +0 scale mail (worn)
 c - a +0 buckler (worn)
Jewellery
 g - a +4 ring of protection
Scrolls
 d - a scroll of blinking {unknown}
 e - a scroll of identify {unknown}
 f - a scroll of fear {unknown}
 j - a scroll of fog {unknown}
Potions
 h - a potion of brilliance {unknown}
 i - a potion of mutation {unknown}
 k - a potion of curing {unknown}


   Skills:
 - Level 3.2 Fighting
 + Level 3.8 Maces & Flails
 - Level 3.2 Armour
 - Level 3.2 Shields


You had 2 spell levels left.
You didn't know any spells.
Your spell library was empty.

Dungeon Overview and Level Annotations

Branches:
Dungeon (4/15)
 Temple: D:4-7

Altars:
Dithmenos

Shops:
D:1 *

Annotations:
D:3 Grinder, Jessica


Innate Abilities, Weirdness & Mutations

You are immune to sickness and miasma.
Your stone body is resilient. (AC +3)
You are immune to poison.
You resist negative energy. (rN+)
You are resistant to electric shocks. (rElec)
You are resistant to unholy torment.
You are immune to petrification.


Message History

No target in view!
You now have 60 gold pieces (gained 9).
You open the door.
An orc warrior comes into view. It is wielding a +0 short sword.
The orc warrior shouts!
Found a flail.
An orc warrior is nearby!
An orc warrior is nearby!
An orc warrior is nearby!
An orc warrior is nearby!
Found 13 gold pieces.
A dart slug comes into view.
The dart slug launches a dart at you. The slug dart hits you.
The dart slug launches a dart at you. The slug dart misses you.
The dart slug bites you but does no damage.
The dart slug bites you but does no damage.
The dart slug launches a dart at you. The slug dart misses you.
Found a shadowy altar of Dithmenos.
You see here 13 gold pieces.
You open the door. The orc warrior barely misses you.
There is an open door here.
The orc warrior hits you with a +0 short sword.
You hit the orc warrior but do no damage.
The dart slug briefly extends its eye-stalks.
The orc warrior hits you but does no damage.
You hit the orc warrior but do no damage.
The orc warrior hits you with a +0 short sword!
The orc warrior closely misses you.
The orc warrior hits you with a +0 short sword.
* * * LOW HITPOINT WARNING * * *
The dart slug launches a dart at you. You block the slug dart.
You block the orc warrior's attack.
You thump the dart slug!
The dart slug is almost dead.
The orc warrior hits you with a +0 short sword!
You die...

##...#### ....
#.......# ... .......#
8# ...... + ###
#..######## ###
#.####..##..##.####+#..
#...................#..
#.............w.....'.$
#....o@w............#..
#...................#..
#####################..
###


You could see an orc warrior and a dart slug.

Vanquished Creatures
  A worm (D:3)
  A dart slug (D:1)
  2 ball pythons (D:2)
  6 endoplasms
  3 hobgoblins
  3 jackals (D:1)
  3 quokkas (D:2)
  5 bats
  3 frilled lizards
  4 goblins
  5 rats
36 creatures vanquished.

Notes
Turn   | Place    | Note
-------+----------+-------------------------------------------
     0 | D:1      | Bruhh the Gargoyle Fighter began the quest for the Orb.
     0 | D:1      | Reached XP level 1. HP: 14/14 MP: 1/1
   401 | D:1      | Reached XP level 2. HP: 19/19 MP: 2/2
   439 | D:1      | Found Tammur's General Store.
   604 | D:1      | Found a faded altar of an unknown god.
   987 | D:2      | Reached XP level 3. HP: 21/23 MP: 3/3
  1458 | D:3      | Noticed Jessica
  1458 | D:3      | Noticed Grinder
  1465 | D:3      | Paralysed by Grinder for 4 turns
  2060 | D:4      | Noticed an orc warrior
  2079 | D:4      | Found a shadowy altar of Dithmenos.
  2116 | D:4      | Slain by an orc warrior

Illustrated notes

Levels and vault maps discovered:
D:1:      minmay_arrival_three_doors, layout_basic, serial_shops,
          nicolae_shop_advertising_works [nicolae_subvault_shop_adworks],
          chequers_ecumenical_altar_island, serial_glass, glass_columns_c,
          glass_columns_b, glass_columns_a, glass_columns_b, glass_columns_c,
          glass_columns_c, kennysheep_doodads, interstate_on_off
D:2:      layout_rooms
D:3:      layout_basic, serial_corexii_hall, corexii_hall_statues_i,
          corexii_hall_statues_s, nicolae_figureground_sparkle, uniq_jessica,
          uniq_grinder
D:4:      layout_gridville, minitemple, kennysheep_generic_room_10

Skill      XL: |  1  2 |
---------------+-------+-----
Maces & Flails | 3 |  3.8
Fighting       | |  3.2
Armour         | |  3.2
Shields        | |  3.2

Action                   || total
-------------------------++-------
Melee: Flail             ||    98
  Use: Potion            ||     1
Armor: Scale mail        ||    40
Dodge: Dodged            ||    46
Block: Buckler           ||    26
